 Dungeon Crawl Stone Soup version 0.19-a0-1493-gd0fcaa6 (webtiles) character file.

98 Svalin the Chopper (level 4, 0/58 HPs)
             Began as a Minotaur Berserker on Sept 9, 2016.
             Was a Believer of Trog.
             Slain by an orc
             ... wielding a +0 hand axe
              (6 damage)
             ... on level 2 of the Dungeon.
             The game lasted 00:05:18 (2406 turns).

Svalin the Chopper (Minotaur Berserker)             Turns: 2406, Time: 00:05:19

Health: 0/58       AC:  3    Str: 26    XL:     4   Next: 44%
Magic:  3/3        EV: 12    Int:  4    God:    Trog [**....]
Gold:   50         SH:  0    Dex: 11    Spells: 0 memorised, 3 levels left

rFire  . . .     SeeInvis .     a - +0 hand axe
rCold  . . .     Gourm    .     e - +0 leather armour
rNeg   . . .     Faith    .     (no shield)
rPois  .         Spirit   .     (helmet restricted)
rElec  .         Dismiss  .     (no cloak)
rCorr  .         Reflect  .     (no gloves)
MR     .....     Harm     .     (no boots)
Stlth  ..........               (no amulet)
                                (no ring)
                                (no ring)

@: berserking, very quick
A: retaliatory headbutt, horns 2
a: Berserk, Trog's Hand, Burn Spellbooks, Renounce Religion


You were on level 2 of the Dungeon.
You worshipped Trog.
Trog was pleased with you.
You were not hungry.

You visited 1 branch of the dungeon, and saw 3 of its levels.

You collected 50 gold pieces.

Inventory:

Hand Weapons
 a - a +0 hand axe (weapon)
Armour
 e - a +0 leather armour (worn)
Scrolls
 d - 2 scrolls of remove curse
 i - a scroll of teleportation {unknown}
 l - a scroll of amnesia {unknown}
 o - a scroll of magic mapping {unknown}
Potions
 b - a potion of agility
 g - 2 potions of curing
 p - a potion of flight {unknown}
Comestibles
 c - a bread ration
 j - 2 fruits
 k - 2 meat rations
 m - 3 chunks of flesh
 n - a beef jerky


   Skills:
 - Level 3.6 Fighting
 + Level 6.4 Axes
 - Level 2.4 Armour
 - Level 2.1 Dodging


You had 3 spell levels left.
You didn't know any spells.

Dungeon Overview and Level Annotations

Branches:
Dungeon (3/15)

Altars:
Zin


Innate Abilities, Weirdness & Mutations

You reflexively headbutt those who attack you in melee.
You have a pair of horns on your head.


Message History

The orc closely misses you.
You barely miss the orc. The orc hits you with a hand axe!
You closely miss the orc. You headbutt the orc, but do no damage.
You hit the orc but do no damage. You hit the orc.
The orc hits you with a hand axe.
The orc hits you with a hand axe of electrocution.
You are electrocuted!
* * * LOW HITPOINT WARNING * * *
A jackal comes into view.
The orc priest casts a cantrip, but nothing happens.
There is a stone staircase leading up here.
The orc priest casts a cantrip, but nothing happens.
The orc barely misses you. You furiously retaliate!
You headbutt the orc, but do no damage.
You climb upwards.
There is a stone staircase leading down here.
A red film seems to cover your vision as you go berserk!
You feel yourself moving faster!
You feel mighty!
You feel somewhat more hungry. The orc hits you with a hand axe.
You die...

.####..####.......#........))....
....#)(##>####...................
.##....#...#...##................
.#.(..##.⌠.####..................
...#...#...#....####.............
.......##.####### #.............
.....####.####### ##........#####
.##.(###...##...###.........#####
......(.÷⌠.'..⌠.@#...#..#..###?..
.###.###)..##..o######.....# ..?
.....# ##.####### ###.##########
.##### ##.##..# ##...# #....
...#####...#.### #..### #.._.
#......#.⌠.#...####.## #....
.###...#...###....).# #####'#
.......##<##........#### #.##..#
#.......####...........# #.##.##


You could see an orc.

Vanquished Creatures
  2 adders (D:2)
  2 oozes
  2 worms
  5 dart slugs
  3 giant geckos
  5 bats
  5 giant cockroaches
  8 hobgoblins
  5 kobolds
  2 quokkas (D:2)
  A ball python (D:1)
  3 giant newts
  4 goblins
  6 rats
53 creatures vanquished.

Notes
Turn   | Place    | Note
-------+----------+-------------------------------------------
     0 | D:1      | Svalin the Minotaur Berserker began the quest for the Orb.
     0 | D:1      | Reached XP level 1. HP: 19/19 MP: 0/0
   116 | D:1      | Reached skill level 4 in Axes
   436 | D:1      | Reached XP level 2. HP: 23/26 MP: 1/1
   771 | D:1      | Reached skill level 5 in Axes
  1050 | D:1      | Reached XP level 3. HP: 31/31 MP: 2/2
  1334 | D:2      | Reached ** piety under Trog
  1926 | D:2      | Found a glowing silver altar of Zin.
  1956 | D:2      | Reached skill level 6 in Axes
  1956 | D:2      | Reached XP level 4. HP: 33/39 MP: 3/3
  2406 | D:2      | Slain by an orc

Vault maps used:
D:1:      dpeg_arrival_circle_labyrinth_a, minmay_tree_intersection
D:2:      zin_scriptorium, grunt_ministairs_5, minmay_heptomino_w4

Skill      XL: |  1  2  3 |
---------------+----------+-----
Axes           | 4 5 6 |  6.4
Fighting       | |  3.6
Armour         | |  2.4
Dodging        | |  2.1

Action                   |  1- 3 |  4- 6 || total
-------------------------+-------+-------++-------
Melee: Hand axe          |    91 |    22 ||   113
       Headbutt          |    17 |     5 ||    22
Invok: Berserk           |     1 |     1 ||     2
  Use: Scroll            |       |     4 ||     4
  Eat: Chunk             |     4 |     2 ||     6
Armor: Leather armour    |    20 |     3 ||    23
Dodge: Dodged            |    46 |    15 ||    61
